 Dungeon Crawl Stone Soup version 0.29.1-15-g9cfb28693d (webtiles) character file.

Game seed: 14290328598547834727

25 protoss039 the Digger (level 2, -4/21 HPs)
             Began as a Demonspawn Earth Elementalist on Mar 12, 2023.
             Slain by Terence
             ... wielding a +0 mace
              (7 damage)
             ... on level 2 of the Dungeon.
             The game lasted 00:01:32 (1830 turns).

protoss039 the Digger (DsEE)                        Turns: 1830, Time: 00:01:32

Health: -4/21      AC: 11    Str:  8    XL:     2   Next: 82%
Magic:  14/14      EV: 10    Int: 16    God:
Gold:   44         SH:  0    Dex: 13    Spells: 2/5 levels left

rFire   . . .      SeeInvis .   a - +0 dagger
rCold   . . .      Faith    .   (no shield)
rNeg    . . .      Spirit   .   k - +0 ring mail
rPois   .          Reflect  .   (no helmet)
rElec   .          Harm     .   (no cloak)
rCorr   .          Rampage  .   (no gloves)
Will    .....                   (no boots)
Stlth   +.........              (no amulet)
HPRegen 0.07/turn               j - ring of magical power
MPRegen 0.14/turn               (no ring)

@: sanguine armoured
A: sanguine armour 1
a: no special abilities


You were on level 2 of the Dungeon.
You visited 1 branch of the dungeon, and saw 2 of its levels.

You collected 44 gold pieces.

Inventory:

Hand Weapons
 a - a +0 dagger (weapon)
Armour
 k - a +0 ring mail (worn)
Jewellery
 j - a ring of magical power (left hand)
Scrolls
 c - a scroll of teleportation
 e - a scroll of fear {unknown}
 f - a scroll of enchant weapon {unknown}
 g - a scroll of amnesia {unknown}
 h - a scroll of identify
Potions
 b - a potion of magic
 d - 2 potions of heal wounds {unknown}
 i - a potion of degeneration {unknown}


   Skills:
 + Level 1.2 Fighting
 * Level 0.2 Armour
 - Level 1.7 Dodging
 - Level 1.7 Stealth
 + Level 2.4 Spellcasting
 - Level 0.8 Transmutations
 + Level 3.0 Earth Magic


You had 2 spell levels left.
You knew the following spells:

 Your Spells              Type           Power      Damage    Failure   Level
a - Sandblast             Erth           22%        2d7       17%         1
b - Passwall              Tmut/Erth      6%         N/A       38%         2

Your spell library contained the following spells:

 Spells                   Type           Power      Damage    Failure   Level
 Stone Arrow              Conj/Erth      12%        3d7       69%         3
 Petrify                  Tmut/Erth      8%         N/A       95%         4


Dungeon Overview and Level Annotations

Branches:
Dungeon (2/15) Zot: 10152

Altars:

Annotations:
D:2 Terence


Innate Abilities, Weirdness & Mutations

When seriously injured, your blood forms armour. (AC +6)


Message History

Terence the Incautious comes into view.
He is wielding a +0 mace.
There are monsters nearby!
The helpless Terence fails to defend himself.
You hit Terence.
Terence is lightly wounded.
Terence bares his teeth.
Terence hits you with a +0 mace.
Casting: Sandblast (safe; 19% risk of failure)
Confirm with . or Enter, or press ? or * to list all spells.
Aiming: Sandblast (safe; 19% risk of failure)
Press: ? - help, Shift-Dir - straight line, f - Terence
Aim: Terence, wielding a +0 mace and wearing a +0 chain mail (lightly wounded, 87% to hit)
The blast of sand hits Terence but does no damage.
Terence is lightly wounded.
Terence hits you with a +0 mace!
Your blood congeals into armour.
Terence barely misses you. The quokka misses you.
You see here a +0 ring mail.
The quokka attacks as you move away!
The quokka bites you but does no damage.
The quokka attacks as you move away!
The quokka bites you but does no damage.
The quokka bites you but does no damage.
Casting: Sandblast (safe; 19% risk of failure)
Confirm with . or Enter, or press ? or * to list all spells.
Aiming: Sandblast (safe; 19% risk of failure)
Press: ? - help, Shift-Dir - straight line, f/p - Terence
Aim: Terence, wielding a +0 mace and wearing a +0 chain mail (lightly wounded, 87% to hit)
The blast of sand hits the quokka!
You kill the quokka!
Terence attacks as you move away! Terence hits you with a +0 mace.
Terence attacks as you move away! Terence hits you with a +0 mace.
Terence attacks as you move away! Terence hits you with a +0 mace.
* * * LOW HITPOINT WARNING * * *
You aren't carrying any items that you can evoke.
As you read the scroll labelled XEEBIA ASCHOMOP, it crumbles to dust.
It is a scroll of identify.
c - a scroll of teleportation Terence hits you with a +0 mace!
You die...

#.# #.# #.###
#...## ###....##
########.......#
#.@@...........#
#.######.).....#
#.# ###....##
#.# #....######
#.# #...#......
#.# ####.#####.
#†# #.# #† # #.#
#.# #. #. #.#
#.# #.


You could see Terence.

Vanquished Creatures
  An endoplasm (D:2)
  2 giant cockroaches (D:1)
  3 goblins
  3 hobgoblins (D:1)
  A kobold (D:1)
  2 quokkas
  3 bats (D:1)
  6 frilled lizards
  3 rats (D:1)
24 creatures vanquished.

Notes
Turn   | Place    | Note
-------+----------+-------------------------------------------
     0 | D:1      | protoss039 the Demonspawn Earth Elementalist began the
                  | quest for the Orb.
     0 | D:1      | Reached XP level 1. HP: 13/13 MP: 3/3
   607 | D:1      | Gained mutation: When seriously injured, your blood forms
                  | armour. (AC +6) [demonic ancestry]
   607 | D:1      | Reached XP level 2. HP: 20/20 MP: 3/5
   732 | D:1      | Reached skill level 1 in Fighting
   861 | D:1      | Reached skill level 3 in Earth Magic
  1743 | D:1      | Learned a level 2 spell: Passwall
  1814 | D:2      | Noticed Terence
  1830 | D:2      | Slain by Terence

Illustrated notes

Levels and vault maps discovered:
D:1:      roderic_octagonal_star, layout_basic, serial_park_tiny_1
D:2:      layout_loops_ring, uniq_terence

Skill      XL: |  1  2 |
---------------+-------+-----
Fighting       | 1 |  1.2
Earth Magic    | 3 |  3.0
Armour         | |  0.2
Dodging        | |  1.7
Stealth        | |  1.7
Spellcasting   | |  2.4
Transmutations | |  0.8

Action                   || total
-------------------------++-------
Melee: Dagger            ||    23
       Club              ||     5
 Cast: Sandblast         ||    33
  Use: Scroll            ||     1
 Stab: Sleeping          ||     2
Armor: Leather armour    ||    11
       Ring mail         ||     3
Dodge: Dodged            ||    39
